 Dungeon Crawl Stone Soup version 0.30-a0-1035-g38d5fb2972 (webtiles) character file.

Game seed: 11823370346316602628

46 Jane2 the Ducker (level 3, -3/18 HPs)
             Began as a Felid Chaos Knight on Apr 8, 2023.
             Was a Plaything of Xom.
             Slain by a hound (5 damage)
             ... on level 5 of the Dungeon.
             The game lasted 00:07:23 (1734 turns).

Jane2 the Ducker (Felid Chaos Knight)               Turns: 1734, Time: 00:07:24

Health: -3/18      AC:  1    Str:  8    XL:     3   Next: 44%
Magic:  4/4        EV: 19    Int: 13    God:    Xom [..*...]
Gold:   139        SH:  0    Dex: 17    Spells: 2/2 levels left
                                        Lives:  0   Deaths: 0

rFire   x . .      SeeInvis +      - Unarmed
rCold   + . .      Faith    .    (shield unavailable)
rNeg    . . .      Spirit   .    (body armour unavailable)
rPois   +          Reflect  .    (helmet unavailable)
rElec   .          Rampage  .    (cloak unavailable)
rCorr   .                        (gloves unavailable)
Will    .....                    (boots unavailable)
Stlth   ++                       c - amulet of the acrobat
HPRegen 0.23/turn                d - ring of ice
MPRegen 0.09/turn                e - ring of poison resistance

@: quick
A: very small, claws 1, fangs 3, see invisible, speed 1, shaggy fur 1, stealthy
paws, no weapons or thrown items, no armour, multi-lived
a: Renounce Religion


You were on level 5 of the Dungeon.
You worshipped Xom.
You were a toy of Xom.
You visited 1 branch of the dungeon, and saw 4 of its levels.

You collected 139 gold pieces.

Inventory:

Jewellery
 c - an amulet of the acrobat (around neck)
 d - a ring of ice (left paw)
 e - a ring of poison resistance (right paw)
 i - a ring of ice
 k - an amulet of the acrobat
Scrolls
 g - 2 scrolls of identify
 h - a scroll of magic mapping {unknown}
 m - a scroll of teleportation {unknown}
Potions
 b - a potion of haste
 f - a potion of brilliance {unknown}
 j - a potion of might {unknown}
 l - a potion of berserk rage {unknown}
Miscellaneous
 a - a piece from Xom's chessboard (15/15) (quivered)


   Skills:
 + Level 3.7 Fighting
 * Level 4.5 Dodging
 - Level 3.1 Unarmed Combat


You had 2 spell levels left.
You didn't know any spells.
Your spell library contained the following spells:

 Spells                   Type           Power      Damage    Failure   Level
 Call Canine Familiar     Summ           0%         N/A       67%         3
 Hailstorm                Conj/Ice       0%         3d3       67%         3
 Ice Form                 Ice/Tmut       0%         N/A       97%         4
 Leda's Liquefaction      Hex/Erth       0%         N/A       97%         4
 Simulacrum               Ice/Necr       0%         N/A       100%        6
 Portal Projectile        Hex/Tloc       Unusable   N/A       N/A         3

Dungeon Overview and Level Annotations

Branches:
Dungeon (5/15)
 Temple: D:4-7

Altars:

Shops:
D:1 *


Innate Abilities, Weirdness & Mutations

You have sharp claws.
You have razor-sharp teeth.
You have supernaturally acute eyesight. (SInv)
You cover ground quickly. (Speed+)
You are covered in fur. (AC +1)
Your paws help you pounce on unaware monsters.
You are incapable of wielding weapons or throwing items.
You cannot wear armour.
You gain extra lives every three experience levels.


Message History

An adder comes into view.
The teleport trap disappears.
The adder disappears!
The white imp shouts, "Surrender, thou simpering folly-fallen joithead!"
The white imp gestures at you. The puff of frost misses you.
The white imp gestures at you. The puff of frost misses you.
The white imp gestures at you. The puff of frost hits you. You resist.
A hound comes into view.
The hound barks!
Xom almost notices you.
Nothing appears to happen...
Ominous!
The hound closely misses you. The hound completely misses you.
The hound completely misses you. The hound completely misses you.
You scratch the hound.
The hound is moderately wounded.
The hound completely misses you.
You closely miss the hound.
The hound is moderately wounded.
The hound barely misses you. The hound completely misses you.
You barely miss the hound.
The hound is moderately wounded.
The hound barely misses you.
You scratch the hound but do no damage.
The hound is moderately wounded.
The hound bites you. The hound closely misses you.
You scratch the hound.
The hound is heavily wounded.
The hound completely misses you.
You scratch the hound.
The hound is severely wounded.
The hound bites you.
* * * LOW HITPOINT WARNING * * *
You closely miss the hound.
The hound is severely wounded.
The hound misses you. The hound bites you.
You die...

..# #.# ... #.# #.#
#.# #.# #.# #.#
#.#####.#
#########.......######
#....@h5..............
###########...........
#...........
#..........#
#####.###### #.# #.#
#.# #.#


You could see a hound and a white imp.

Vanquished Creatures
  2 dart slugs
  3 ball pythons
  6 bats
  3 endoplasms
  2 giant cockroaches (D:2)
  A hobgoblin (D:1)
  3 jackals (D:2)
  2 quokkas (D:2)
  3 frilled lizards
  3 goblins
  7 kobolds
  6 rats
41 creatures vanquished.

Vanquished Creatures (others)
  2 plants
2 creatures vanquished.

Grand Total: 43 creatures vanquished

Notes
Turn   | Place    | Note
-------+----------+-------------------------------------------
     0 | D:1      | Jane2 the Felid Chaos Knight began the quest for the Orb.
     0 | D:1      | Reached XP level 1. HP: 10/10 MP: 2/2
   322 | D:1      | Reached XP level 2. HP: 14/14 MP: 3/3
   322 | D:1      | Found Aruitzeo's General Store.
   556 | D:1      | XOM: silly message
   636 | D:1      | XOM: silly message
   707 | D:1      | XOM: silly message
   735 | D:1      | XOM: divination: detect creatures
   829 | D:2      | Reached skill level 4 in Dodging
   888 | D:2      | Reached XP level 3. HP: 16/17 MP: 4/4
  1532 | D:3      | XOM: smoke on damage
  1677 | D:3      | You fall into a shaft and drop 2 floors!
  1677 | D:5      | Entered Level 5 of the Dungeon
  1716 | D:5      | XOM: silly message
  1734 | D:5      | Slain by a hound

Illustrated notes

Levels and vault maps discovered:
D:1:      elethiomel_arrival_maze, layout_basic, serial_shops, shop
D:2:      layout_basic, grunt_ministairs_2, serial_bayou_crossing
D:3:      layout_basic, serial_forest, infiniplex_forest_lined_3_way,
          infiniplex_forest_clump_diagonal, infiniplex_forest_clump_diagonal,
          infiniplex_forest_split, infiniplex_forest_pool,
          infiniplex_forest_lined_room_, infiniplex_forest_end_double,
          grunt_ministairs_13, kennysheep_orc_chapel
D:5:      layout_basic, minmay_misc_feat_secret_circle

Skill      XL: |  1  2 |
---------------+-------+-----
Dodging        | 4 |  4.5
Fighting       | |  3.7
Unarmed Combat | |  3.1

Action                     || total
---------------------------++-------
  Melee: Unarmed           ||   113
         Bite              ||     9
         Punch             ||     4
  Evoke: Piece from Xom's  ||     1
    Use: Scroll            ||     1
   Stab: Confused          ||     1
         Sleeping          ||     1
 Armour: Skin              ||     2
  Dodge: Dodged            ||   123

Table legend: (Time is in decaauts)
 A = Elapsed time spent in this place.
 B = Non-inter-level travel time spent in this place.
 C = Inter-level travel time spent in this place.
 D = Time resting spent in this place.
 E = Time spent auto-exploring this place.
 F = Levels seen in this place.
 G = Mean time per level.
                   A        B        C        D        E       F      G
               +--------+--------+--------+--------+--------+-----+--------+
         Total |   1438 |   1358 |     80 |     35 |    658 |   4 |  359.5 |
       Dungeon |   1438 |   1358 |     80 |     35 |    658 |   4 |  359.5 |
               +--------+--------+--------+--------+--------+-----+--------+

Top non-repeatable levels by time:
     D:1: 644 daAuts
     D:2: 524 daAuts
     D:3: 222 daAuts
     D:5: 46 daAuts
